 Dungeon Crawl Stone Soup version 0.20.0-3-g22ec75f (webtiles) character file.

101667 Rrauwl the Bludgeoner (level 15, 0/141 HPs)
             Began as a Minotaur Berserker on May 27, 2017.
             Was a High Priest of Trog.
             Slain by a white ugly thing (10 damage)
             ... on level 15 of the Dungeon.
             The game lasted 01:40:43 (22117 turns).

Rrauwl the Bludgeoner (Minotaur Berserker)         Turns: 22117, Time: 01:40:45

Health: 0/141      AC: 19    Str: 23    XL:     15   Next: 84%
Magic:  19/19      EV: 16    Int:  7    God:    Trog [*****.]
Gold:   1836       SH:  8    Dex: 12    Spells: 14/14 levels left

rFire    + . .     SeeInvis .   a - +1 great mace (flame)
rCold    + . .     Gourm    .   (shield currently unavailable)
rNeg     . . .     Faith    .   z - +2 chain mail {rF+}
rPois    +         Spirit   .   (helmet unavailable)
rElec    .         Reflect  +   P - scarf {cloud immunity}
rCorr    +         Harm     .   v - +0 pair of gloves
MR       +++..     Clarity  +   y - +1 pair of boots
Stlth    ..........             E - brooch of Shielding {Reflect SH+8}
Regen    1.4/turn               x - ring of protection from cold
MPRegen  0.2/turn               w - ring of resist corrosion

@: berserk cooldown, regenerating, slowed, studying Crossbows, very slow
A: retaliatory headbutt, horns 3, repulsion field 1, clarity, poison resistance,
subdued magic 1
a: Berserk, Trog's Hand, Brothers in Arms, Burn Spellbooks, Renounce Religion


You were on level 15 of the Dungeon.
You worshipped Trog.
Trog was extremely pleased with you.
You were not hungry.

You visited 3 branches of the dungeon, and saw 22 of its levels.
You also visited: Volcano.

You collected 2040 gold pieces.
You spent 204 gold pieces at shops.

Inventory:

Hand Weapons
 a - a +1 great mace of flaming (weapon)
 c - a +4 antimagic dire flail
Armour
 v - a +0 pair of gloves (worn)
 y - a +1 pair of boots (worn)
 z - a +2 chain mail of fire resistance (worn)
 P - a scarf of cloud immunity (worn)
Jewellery
 t - an uncursed amulet of guardian spirit
 w - a ring of resist corrosion (right hand)
 x - a ring of protection from cold (left hand)
 E - the brooch of Shielding (around neck) {Reflect SH+8}
   (You found it on level 9 of the Dungeon)

   [amulet of reflection]

   It shields you and reflects attacks.
   It affects your SH (+8).
 N - an uncursed amulet of magic regeneration
Wands
 b - a wand of enslavement (6/24)
 i - a wand of lightning (8/15)
 k - a wand of disintegration (10/24)
 r - a wand of iceblast (13/15)
 A - a wand of confusion (26/48)
 L - a wand of lightning (8/15)
Scrolls
 e - 6 scrolls of teleportation
 g - 13 scrolls of remove curse
 h - 15 scrolls of identify
 p - 3 scrolls of recharging
 u - 4 scrolls of fear
 C - 2 scrolls of blinking
 D - a scroll of enchant weapon
 F - 3 scrolls of enchant armour
 H - a scroll of silence
 O - 2 scrolls of magic mapping
Potions
 d - 2 potions of resistance
 f - 6 potions of curing
 l - 4 potions of agility
 q - 8 potions of heal wounds
 s - 3 potions of haste
 G - a potion of lignification
 J - 2 potions of flight
 K - 3 potions of might
 M - a potion of mutation
 Q - a potion of brilliance
Books
 m - a manual of Crossbows
Miscellaneous
 j - a phantom mirror
 R - a lightning rod (4/4)
 S - a box of beasts
Comestibles
 n - 12 bread rations
 o - 8 royal jellies
 B - 11 chunks of flesh
 I - 4 meat rations


   Skills:
 - Level 15.0 Fighting
 - Level 20.0 Maces & Flails
 - Level 15.0 Armour
 + Level 12.5 Dodging
 - Level 7.0 Evocations


You had 14 spell levels left.
You didn't know any spells.

Dungeon Overview and Level Annotations

Branches:
Dungeon (15/15)            Temple (1/1) D:4            Lair (6/6) D:8
 Shoals (0/4) Lair:2       Spider (0/4) Lair:4        Slime (0/5) Lair:5
    Orc (0/2) D:11         Vaults (0/5) D:14
 Depths: D:15

Altars:
Ashenzari
Cheibriados
Dithmenos
Elyvilon
Fedhas
Gozag
Hepliaklqana
Kikubaaqudgha
Makhleb
Nemelex Xobeh
Okawaru
Qazlal
Ru
Sif Muna
Trog
Uskayaw
Vehumet
Xom
Yredelemnul
Zin
The Shining One
Beogh
Jiyva

Shops:
D:5 ![?%!   D:7 :   D:11 [

Annotations:
Lair:2 exclusion: 4 oklob plants


Innate Abilities, Weirdness & Mutations

You reflexively headbutt those who attack you in melee.
You have a pair of large horns on your head.
You are surrounded by a mild repulsion field. (EV +2)
You possess an exceptional clarity of mind.
Your system is resistant to poisons. (rPois)
Your spells are a little easier to cast, but a little less powerful.


Message History

You are no longer berserk.
You are exhausted.
You feel yourself slow down.
You start resting.
Eating one of 15 chunks of flesh.
You eat one of the 15 chunks of flesh.
This raw flesh tastes terrible.
Some of the chunks of flesh in your inventory have rotted away.
Your skin crawls.
You feel resistant to hostile enchantments.
You feel quite a bit more hungry.
Your deep troll goes berserk!
You feel somewhat more hungry.
The white ugly thing bites you but does no damage.
You closely miss the white ugly thing.
Your deep troll bites the white ugly thing.
Your deep troll claws the white ugly thing.
Your deep troll claws the white ugly thing but does no damage.
The white ugly thing bites you!
* * * LOW HITPOINT WARNING * * *
The white ugly thing freezes you! You resist.
You die...

.............<.
(...#......######
)#..#.##...#..... .
................. ..
##....##.....#########.##
......+...##......)......
......###)##).....).....#
....### #..'...u..†.....#
....# ####..T.@.......#
....# ####+######..#
...... .. ...... . ......


You could see a white ugly thing and a friendly deep troll (berserk).

Vanquished Creatures
  Rupert (D:13)
  Gastronok (D:8)
  A tengu reaver (D:14)
  A yaktaur captain (D:13)
  11 hydras
  7 vault guards (D:14)
  A catoblepas (Lair:4)
  9 centaur warriors
  A death knight (D:15)
  3 ogre magi
  5 two-headed ogres
  2 tengu warriors (D:13)
  Sonja (Lair:1)
  A sun demon (Volcano)
  A flayed ghost (D:13)
  3 unseen horrors
  2 orc knights (D:13)
  A necromancer (D:14)
  A wolf spider zombie (D:15)
  16 ugly things
  4 orc sorcerers
  A manticore (D:11)
  3 cyclopes
  Maurice (D:8)
  2 centaur zombies
  5 elephants (Lair:4)
  The ghost of endorz the Chopper, a novice DDFi (D:6)
  Joseph (D:8)
  9 black mambas
  2 gargoyles (D:14)
  4 rime drakes
  20 spiny frogs
  5 centaur skeletons
  2 kobold demonologists
  An efreet (D:13)
  A freezing wraith (D:14)
  4 komodo dragons
  5 tengu conjurers (D:14)
  A meliai (shapeshifter) (D:13)
  3 polar bears (Lair:6)
  3 red devils (Volcano)
  4 hornets (Lair:6)
  2 trolls
  15 slime creatures
  6 hippogriffs
  16 dream sheep
  A meliai zombie (D:8)
  9 blink frogs
  The ghost of Unholydonuts the Cudgeler, an amateur GrGl (D:3)
  A blink frog (shapeshifter) (D:13)
  A snapping turtle (Lair:2)
  Sigmund (D:2)
  A redback (Lair:4)
  41 yaks
  11 spriggans (Lair:6)
  A water elemental (D:13)
  3 wyverns
  Eustachio (D:7)
  Grum (D:9)
  A vampire mosquito (D:15)
  3 hungry ghosts
  An acid dragon (D:14)
  16 water moccasins
  4 porcupines
  2 hell hounds (D:8)
  4 sky beasts
  11 orc warriors
  10 black bears
  4 eyes of draining
  29 wolves
  A phantom (D:6)
  5 boggarts
  10 ogres
  12 centaurs
  12 crocodiles
  Blork the orc (D:7)
  3 big kobolds (D:11)
  22 bullfrogs
  A wyvern zombie (D:12)
  A water moccasin zombie (D:11)
  4 scorpions
  A wyvern skeleton (D:14)
  9 killer bees
  5 wights
  4 howler monkeys
  2 vampire bats (D:8)
  A bullfrog zombie (D:10)
  An electric eel (Lair:2)
  4 crimson imps
  10 jellies
  Crazy Yiuf (D:2)
  13 hounds
  14 orc wizards
  Natasha (thrice) (D:2)
  2 bullfrog skeletons
  9 orc priests
  3 iguanas
  12 worker ants
  A killer bee zombie (D:9)
  6 gnolls (D:7)
  9 adders
  5 shadow imps
  4 oozes
  4 adder skeletons
  4 worms
  A dart slug (D:1)
  5 leopard geckos
  69 orcs
  16 bats
  A bat (shapeshifter) (D:3)
  5 bat skeletons (D:8)
  A bat zombie (D:8)
  5 giant cockroaches
  11 goblins
  9 hobgoblins
  4 jackals
  6 quokkas
  A ball python (D:3)
  5 frilled lizards
  A jackal zombie (D:6)
  19 kobolds
  A quokka skeleton (D:8)
  6 rats
  A fungus (Lair:4)
  A plant (Lair:5)
715 creatures vanquished.

Vanquished Creatures (collateral kills)
  A two-headed ogre (D:8)
  A vampire (D:6)
  2 orc warriors (D:8)
  A big kobold (D:8)
  An orc wizard (D:8)
  3 orcs (D:8)
9 creatures vanquished.

Vanquished Creatures (others)
  A centaur (D:9)
  A crocodile (Lair:2)
  A bullfrog (Lair:2)
  A bush (D:14)
  13 fungi
  14 plants
31 creatures vanquished.

Grand Total: 755 creatures vanquished

Notes
Turn   | Place    | Note
-------+----------+-------------------------------------------
     0 | D:1      | Rrauwl the Minotaur Berserker began the quest for the Orb.
     0 | D:1      | Reached XP level 1. HP: 19/19 MP: 0/0
     1 | D:1      | Noticed an electric eel
   674 | D:2      | Noticed Natasha
   677 | D:2      | Killed Natasha
   677 | D:2      | Reached skill level 4 in Maces & Flails
   677 | D:2      | Reached XP level 2. HP: 26/27 MP: 1/1
   677 | D:2      | Reached XP level 3. HP: 31/33 MP: 2/2
   883 | D:2      | Noticed Natasha
   891 | D:2      | Killed Natasha
  1162 | D:2      | Reached XP level 4. HP: 35/40 MP: 3/3
  1239 | D:2      | Found a runed door.
  1243 | D:2      | Noticed Crazy Yiuf
  1247 | D:2      | Killed Crazy Yiuf
  1247 | D:2      | Reached skill level 5 in Maces & Flails
  1383 | D:2      | Noticed Natasha
  1390 | D:2      | Killed Natasha
  1444 | D:2      | Reached XP level 5. HP: 44/46 MP: 4/4
  1505 | D:2      | Noticed Sigmund
  1508 | D:2      | Killed Sigmund
  1508 | D:2      | Reached skill level 7 in Maces & Flails
  1508 | D:2      | Reached XP level 6. HP: 52/52 MP: 5/5
  1940 | D:3      | Noticed Unholydonuts's ghost (amateur GrGl)
  1945 | D:3      | Killed Unholydonuts's ghost
  1945 | D:3      | Reached ** piety under Trog
  1945 | D:3      | Reached skill level 8 in Maces & Flails
  2019 | D:3      | Reached XP level 7. HP: 59/59 MP: 6/6
  2433 | D:3      | Found a glowing drain.
  2441 | D:3      | Reached skill level 9 in Maces & Flails
  2754 | D:4      | Reached skill level 10 in Maces & Flails
  2802 | D:4      | Reached *** piety under Trog
  2968 | D:4      | Reached XP level 8. HP: 66/66 MP: 7/7
  3041 | D:4      | Found a staircase to the Ecumenical Temple.
  3048 | Temple   | Entered the Ecumenical Temple
  3344 | D:5      | Entered Level 5 of the Dungeon
  3358 | D:5      | Found Wouni's Distillery.
  3374 | D:5      | Bought a potion of mutation for 88 gold pieces
  3374 | D:5      | Bought a potion of degeneration for 11 gold pieces
  3428 | D:5      | Reached skill level 11 in Maces & Flails
  3533 | D:5      | Found Aplirghai's Food Boutique.
  3577 | D:5      | Found Qinlagust's Distillery.
  3583 | D:5      | Bought a potion of lignification for 36 gold pieces
  3583 | D:5      | Bought a potion of curing for 36 gold pieces
  3590 | D:5      | Found a bloodstained altar of Trog.
  3630 | D:5      | Found Wely's Magic Scroll Emporium.
  3646 | D:5      | Bought a scroll of remove curse for 33 gold pieces
  3750 | D:5      | Found Ditwo's Antique Armour Boutique.
  4064 | D:6      | Found a burning altar of Makhleb.
  4154 | D:6      | Reached **** piety under Trog
  4250 | D:6      | Noticed endorz's ghost (novice DDFi)
  4256 | D:6      | Killed endorz's ghost
  4256 | D:6      | Reached skill level 12 in Maces & Flails
  4477 | D:6      | Reached skill level 13 in Maces & Flails
  4554 | D:7      | Reached XP level 9. HP: 56/71 MP: 6/8
  4631 | D:7      | Found Ulid's Book Shoppe.
  4722 | D:7      | Noticed Blork the orc
  4731 | D:7      | Killed Blork the orc
  4731 | D:7      | Reached skill level 14 in Maces & Flails
  4741 | D:7      | Noticed Eustachio
  4801 | D:7      | Killed Eustachio
  5240 | D:7      | Reached skill level 15 in Maces & Flails
  5497 | D:7      | Reached ***** piety under Trog
  5728 | D:7      | Found a sparkling altar of Nemelex Xobeh.
  5731 | D:7      | Found a bloodstained altar of Trog.
  5734 | D:7      | Found a white marble altar of Elyvilon.
  5855 | D:8      | Received a gift from Trog
  5994 | D:8      | Got a steaming ring mail
  6018 | D:8      | Identified the +1 ring mail of Knowledge {rCorr Str-5 Int+5} (You found it on level 8 of the Dungeon)
  6062 | D:8      | Found a staircase to the Lair.
  6077 | D:8      | Reached XP level 10. HP: 77/78 MP: 1/9
  6080 | D:8      | Reached skill level 16 in Maces & Flails
  6094 | D:8      | Noticed a two-headed ogre
  6107 | D:8      | Killed a two-headed ogre
  6111 | D:8      | Noticed Maurice
  6160 | D:8      | Killed Maurice
  6169 | D:8      | Reached skill level 17 in Maces & Flails
  6660 | D:8      | Found a roughly hewn altar of Beogh.
  6682 | D:8      | Noticed Gastronok
  6696 | D:8      | Killed Gastronok
  6830 | D:8      | Found an ancient bone altar of Kikubaaqudgha.
  6901 | D:8      | Noticed Joseph
  6910 | D:8      | Killed Joseph
  7080 | D:8      | Reached XP level 11. HP: 84/97 MP: 3/10
  7110 | Lair:1   | Entered Level 1 of the Lair of Beasts
  7234 | Lair:1   | Noticed Sonja
  7242 | Lair:1   | Killed Sonja
  7242 | Lair:1   | Reached skill level 10 in Fighting
  7435 | Lair:1   | Noticed a five-headed hydra
  7447 | Lair:1   | Reached skill level 5 in Dodging
  7453 | Lair:1   | Killed a five-headed hydra
  7461 | Lair:1   | Reached skill level 5 in Armour
  7644 | Lair:1   | Noticed a six-headed hydra
  7650 | Lair:1   | Killed a six-headed hydra
  7966 | Lair:2   | Found a dark tunnel.
  8082 | Volcano  | Entered a volcano
  8095 | Volcano  | Noticed a sun demon
  8107 | Volcano  | Killed a sun demon
  8474 | Volcano  | Noticed an orc sorcerer
  8475 | Volcano  | Noticed a red ugly thing
  8480 | Volcano  | Killed an orc sorcerer
  8484 | Volcano  | Killed a red ugly thing
  8552 | Lair:2   | Reached skill level 10 in Armour
  8692 | Lair:2   | Noticed an oklob plant
  8692 | Lair:2   | Noticed an oklob plant
  8692 | Lair:2   | Noticed an oklob plant
  8692 | Lair:2   | Noticed an oklob plant
  8997 | Lair:2   | Noticed an eight-headed hydra
  9003 | Lair:2   | Killed an eight-headed hydra
  9003 | Lair:2   | Reached XP level 12. HP: 106/106 MP: 8/12
  9137 | Lair:2   | Found a staircase to the Shoals.
  9815 | Lair:3   | Noticed a five-headed hydra
  9821 | Lair:3   | Killed a five-headed hydra
  9834 | Lair:3   | Noticed a seven-headed hydra
  9847 | Lair:3   | Killed a seven-headed hydra
 10216 | Lair:3   | Reached skill level 18 in Maces & Flails
 10242 | Lair:3   | Received a gift from Trog
 10519 | Lair:3   | Found a white marble altar of Elyvilon.
 11377 | Lair:4   | Reached XP level 13. HP: 95/118 MP: 13/15
 11518 | Lair:4   | Found a hole to the Spider Nest.
 12236 | Lair:5   | Found a runed door.
 12237 | Lair:5   | Found a viscous altar of Jiyva.
 12239 | Lair:5   | Found a staircase to the Slime Pits.
 13000 | Lair:6   | Entered Level 6 of the Lair of Beasts
 13437 | Lair:6   | Received a gift from Trog
 13768 | Lair:6   | Reached skill level 15 in Fighting
 13768 | Lair:6   | Reached XP level 14. HP: 128/135 MP: 16/16
 14429 | D:9      | Noticed Grum
 14433 | D:9      | Received a gift from Trog
 14441 | D:9      | Killed Grum
 14497 | D:9      | Found a stormy altar of Qazlal.
 15078 | D:10     | Entered Level 10 of the Dungeon
 15249 | D:10     | Received a gift from Trog
 15512 | D:10     | Reached ****** piety under Trog
 15705 | D:10     | Found a burning altar of Makhleb.
 15705 | D:10     | Noticed a balrug
 15776 | D:10     | Identified the cursed +0 chain mail of the Thoughtful Stories {rElec Dex+3} (You found it on level 10 of the Dungeon)
 16018 | D:11     | Found a staircase to the Orcish Mines.
 16027 | D:11     | Found Nagi's Armour Shop.
 16123 | D:11     | Gained mutation: You are surrounded by a mild repulsion field. (EV +2) [mutagenic meat]
 16124 | D:11     | Gained mutation: You have a pair of large horns on your head. [mutagenic meat]
 16924 | D:12     | Found a hide-covered altar of Uskayaw.
 16952 | D:12     | Received a gift from Trog
 16952 | D:12     | Reached skill level 15 in Armour
 18304 | D:13     | Reached skill level 10 in Dodging
 18368 | D:13     | Noticed Rupert
 18368 | D:13     | Paralysed by Rupert for 2 turns
 18374 | D:13     | Killed Rupert
 18821 | D:13     | Reached skill level 5 in Evocations
 18840 | D:13     | Gained mutation: You possess an exceptional clarity of mind. [mutagenic meat]
 18841 | D:13     | Gained mutation: Your spells are a little easier to cast, but a little less powerful. [mutagenic meat]
 19329 | D:13     | Reached XP level 15. HP: 101/141 MP: 17/19
 20155 | D:14     | Received a gift from Trog
 20396 | D:14     | Paralysed by an orc sorcerer for 6 turns
 20689 | D:14     | Noticed a tengu reaver
 20707 | D:14     | Killed a tengu reaver
 20707 | D:14     | Reached skill level 19 in Maces & Flails
 21100 | D:14     | Found a gate to the Vaults.
 21125 | D:14     | Received a gift from Trog
 21147 | D:14     | Found a shimmering altar of Xom.
 21153 | D:14     | Gained mutation: Your system is resistant to poisons. (rPois) [mutagenic meat]
 21504 | D:15     | Entered Level 15 of the Dungeon
 21521 | D:15     | Reached skill level 20 in Maces & Flails
 22117 | D:15     | Slain by a white ugly thing

Skill      XL: |  1  2  3  4  5  6  7  8  9 10 11 12 13 14 15 |
---------------+----------------------------------------------+-----
Fighting       | 4 9 10 12 15 | 15.0
Maces & Flails | 4 5 7 8 10 13 15 17 18 20 | 20.0
Armour         | 3 4 10 13 15 | 15.0
Dodging        | 6 8 11 12 | 12.5
Evocations     | 2 4 6 7 |  7.0

Action                   |  1- 3 |  4- 6 |  7- 9 | 10-12 | 13-15 || total
-------------------------+-------+-------+-------+-------+-------++-------
Melee: Mace              |    30 |     2 |       |       |       ||    32
       Headbutt          |     4 |     8 |    60 |    94 |   224 ||   390
       Quarterstaff      |       |    42 |   369 |       |       ||   411
       Dire flail        |       |       |    24 |   221 |       ||   245
       Great mace        |       |       |       |   211 |  1084 ||  1295
Invok: Berserk           |     2 |     4 |     7 |    12 |    19 ||    44
       Burn Spellbooks   |       |       |     2 |     2 |     7 ||    11
       Brothers in Arms  |       |       |     1 |     3 |     1 ||     5
       Trog's Hand       |       |       |       |     2 |     7 ||     9
Evoke: Wand              |       |       |       |     3 |     2 ||     5
  Use: Scroll            |       |       |     2 |    17 |     6 ||    25
       Potion            |       |       |       |    10 |     4 ||    14
 Stab: Sleeping          |     1 |       |       |       |       ||     1
       Paralysed         |       |       |     1 |       |       ||     1
       Held in net/web   |       |       |       |       |     3 ||     3
  Eat: Chunk             |     2 |     7 |    14 |    15 |    39 ||    77
       Meat ration       |       |       |     1 |     1 |     1 ||     3
       Royal jelly       |       |       |       |     2 |     3 ||     5
       Fruit             |       |       |       |     3 |    15 ||    18
       Bread ration      |       |       |       |     1 |       ||     1
Armor: Animal skin       |    10 |       |       |       |       ||    10
       Chain mail        |     3 |    19 |   181 |   149 |   429 ||   781
       Skin              |       |       |       |    49 |       ||    49
Dodge: Dodged            |    25 |    15 |   168 |   195 |   566 ||   969
Block: Other             |       |       |       |       |   195 ||   195
       Reflection        |       |       |       |       |    16 ||    16
